 Dungeon Sprint DCSS version 0.19.0-24-gb05acd6 (webtiles) character file.

166330049 igo the Middleweight Champion (level 24, 239/239 (249) HPs)
             Began as a Ghoul Fighter on Nov 22, 2016.
             Was the Champion of Makhleb.
             Escaped with the Orb
             ... and 17 runes!
             The game lasted 01:22:40 (10940 turns).

igo the Middleweight Champion (Ghoul Fighter)      Turns: 10940, Time: 01:22:40

HP:   239/239 (249) AC: 46    Str: 24    XL:     24   Next: 97%
MP:   62/62         EV: 23    Int: 12    God:    Makhleb [******]
Gold: 394           SH: 30    Dex: 19    Spells: 2 memorised, 62 levels left

rFire  + . .     SeeInvis .       - Unarmed
rCold  + + +     Gourm    .     i - +6 gold dragon scales
rNeg   + + +     Faith    .     Y - +3 large shield
rPois  ∞         Spirit   .     Z - +2 helmet
rElec  +         Reflect  .     S - +0 cloak {MR+}
rCorr  .         Harm     .     J - +2 pair of gloves
MR     ++...     NoTele   +     L - +1 pair of boots
Stlth  +.........               q - amulet of Sycw {rElec rN+ Regen+ MP+9 Str-5}
                                R - ring of the Establishment {rN+ Str+4 Int+4 Dex+4}
                                v - ring of Syofutse {rC+ Int+2 Dex+4 Stlth-}

@: rotting
A: rotting body, claws 1, carnivore 3, cold resistance 1, negative energy
resistance 3, slow regeneration 1, torment resistance, unbreathing
a: Minor Destruction, Lesser Servant of Makhleb, Major Destruction, Greater
Servant of Makhleb, Renounce Religion
0: Orb of Zot
}: 17/15 runes: decaying, serpentine, barnacled, slimy, elven, silver, golden,
iron, obsidian, icy, bone, abyssal, glowing, magical, fiery, dark, gossamer


You escaped.
You worshipped Makhleb.
Makhleb was exalted by your worship.
You were very hungry.

You visited 1 branch You collected 1951 gold pieces.
You spent 1557 gold pieces at shops.

Inventory:

Hand Weapons
 K - the +5 demon trident of Guew {freeze, +Blink +Rage Str-4 SInv}
   (You found it in the Dungeon)

   It has been specially enchanted to freeze those struck by it, causing extra
   injury to most foes and up to half again as much damage against particularly
   susceptible opponents.
   It can also slow down cold-blooded creatures.
   It affects your strength (-4).
   It lets you see invisible.
   It lets you blink.
   It lets you go berserk.
Armour
 b - a +0 shield
 c - a +0 troll leather armour
 i - +6 gold dragon scales (worn)
 J - a +2 pair of gloves (worn)
 L - a +1 pair of boots (worn)
 Q - the +3 large shield of Azuinoi {rC+ Int+4 Dex-4}
   (You found it in the Dungeon)

   It affects your intelligence (+4).
   It affects your dexterity (-4).
   It protects you from cold.
 S - a +0 cloak of magic resistance (worn)
 Y - a +3 large shield (worn)
 Z - a +2 helmet (worn)
Magical Staves
 p - an uncursed staff of energy
Jewellery
 q - the amulet of Sycw (around neck) {rElec rN+ Regen+ MP+9 Str-5}
   (You found it in the Dungeon)

   [amulet of regeneration]

   It affects your strength (-5).
   It insulates you from electricity.
   It protects you from negative energy.
   It affects your magic capacity (+9).
   It increases your rate of regeneration.
 r - a +3 ring of slaying
 u - the amulet "Elir" {+Rage rN+ Dex+6}
   (You found it in the Dungeon)

   [amulet of rage]

   It affects your dexterity (+6).
   It protects you from negative energy.
   It lets you go berserk.
 v - the ring of Syofutse (left hand) {rC+ Int+2 Dex+4 Stlth-}
   (You found it in the Dungeon)

   [ring of loudness]

   It affects your intelligence (+2).
   It affects your dexterity (+4).
   It protects you from cold.
   It makes you less stealthy.
 A - the cursed necklace of Bloodlust {*Rage +Rage MR+ Int-3 Slay+3 *Curse}
   (You bought it in a shop in the Dungeon)

   [amulet of rage]

   It affects your intelligence (-3).
   It affects your accuracy and damage with ranged weapons and melee attacks
   (+3).
   It affects your resistance to hostile enchantments.
   It lets you go berserk.
   It may make you go berserk in combat.
   It may re-curse itself when equipped.
   It has a curse placed upon it.
 F - an uncursed ring of protection from magic
 G - an uncursed ring of protection from cold
 H - an uncursed ring of ice
 I - an uncursed ring of fire
 R - the ring of the Establishment (right hand) {rN+ Str+4 Int+4 Dex+4}
   (You found it in the Dungeon)

   [ring of intelligence]

   It affects your strength (+4).
   It affects your intelligence (+4).
   It affects your dexterity (+4).
   It protects you from negative energy.
 T - a +4 ring of protection
 U - a +4 ring of evasion
 V - a +6 ring of dexterity
 W - a +4 ring of evasion
 X - an uncursed ring of protection from magic
Wands
 o - a wand of lightning (0/15)
 w - a wand of hasting (5/9)
Scrolls
 a - 2 scrolls of identify
 k - a scroll of blinking
 m - 7 scrolls of remove curse
 x - 11 scrolls of enchant weapon
 z - 2 scrolls of fear
 N - 5 scrolls of recharging
 O - 4 scrolls of fog
Potions
 e - 16 potions of curing
 h - 5 potions of magic
 n - 2 potions of brilliance
 t - a potion of lignification {unknown}
 D - a potion of ambrosia
 E - 2 potions of flight {unknown}
 M - a potion of heal wounds
 P - a potion of degeneration {unknown}
Books
 y - a book of the Earth

   Spells                             Type                      Level
   a - Leda's Liquefaction            Hexes/Earth                  4
   b - Bolt of Magma                  Conjuration/Fire/Earth       5
   c - Statue Form                    Transmutation/Earth          6
   d - Iron Shot                      Conjuration/Earth            6
   e - Shatter                        Earth                        9
Miscellaneous
 j - the horn of Geryon
 C - a disc of storms
Comestibles
 d - 12 meat rations


   Skills:
 O Level 27 Fighting
 + Level 7.6(9.1) Polearms
 + Level 7.6(9.1) Staves
 + Level 7.6 Throwing
 O Level 27 Armour
 O Level 27 Dodging
 O Level 27 Stealth
 O Level 27 Shields
 O Level 27 Unarmed Combat
 O Level 27 Spellcasting
 O Level 27 Conjurations
 O Level 27 Earth Magic
 O Level 27 Invocations
 O Level 27 Evocations


You had 62 spell levels left.
You knew the following spells:

 Your Spells              Type           Power        Failure   Level  Hunger
a - Shatter               Erth           ######....   69%         9    #######
b - Iron Shot             Conj/Erth      ######....   1%          6    #####..


Dungeon Overview and Level Annotations

Branches:
Dungeon (1/1)

Altars:
Cheibriados
Dithmenos
Elyvilon
Fedhas
Gozag
Hepliaklqana
Kikubaaqudgha
Makhleb
Nemelex Xobeh
Okawaru
Qazlal
Ru
Sif Muna
Trog
Uskayaw
Vehumet
Xom
Yredelemnul
Zin
The Shining One
Beogh
Jiyva
Lugonu

Shops:
D (!?=


Innate Abilities, Weirdness & Mutations

Your body is rotting away.
You thrive on raw meat.
You are immune to poison.
You have sharp fingernails.
You are carnivorous and can eat meat at any time.
Your flesh is cold resistant. (rC+)
You are immune to negative energy. (rN+++)
You regenerate slowly when monsters are visible.
You are immune to unholy pain and torment.
You can survive without breathing.


Message History

Unknown command.
You pummel the Orb Guardian!!
The Orb Guardian is almost dead.
The Orb Guardian misses you.
You miss the Orb Guardian.
The Orb Guardian is almost dead.
The Orb Guardian completely misses you.
You pummel the Orb Guardian!!
You kill the Orb Guardian!
Makhleb accepts your kill.
No target in view!
Things that are here:
a demon trident; a leather armour; a gelid demonspawn corpse
There is an open door to the Dungeon, spattered with blood here.
Things that are here:
a dagger; a club Your magic seems less tainted.
There is a staircase leading out of the dungeon here.
Char dumped successfully.
You have escaped!

▓.............'[[[
▓.▓▓▓▓▓▓▓▓▓▓▓▓▓▓▓▓
▓..†..............
▓▓▓▓▓▓▓▓▓▓▓▓▓▓▓▓▓▓
▓.......'......)..
▓.▓▓▓▓▓▓▓▓▓▓▓▓▓▓▓▓
▓.............)...
▓▓▓▓▓▓▓▓▓▓▓▓▓▓▓▓▓▓
▓@...).))))'.....'
▓▓▓▓▓▓▓▓▓▓▓▓▓▓▓▓▓▓


There were no monsters in sight!

Vanquished Creatures
  Cerebov (D)
  Antaeus (D)
  Asmodeus (D)
  the Royal Jelly (D)
  Ereshkigal (D)
  Gloorx Vloq (D)
  Lom Lobon (D)
  Mnoleg (D)
  3 ancient liches (D)
  Dispater (D)
  2 orbs of fire (D)
  Mennas (D)
  Sojobo (D)
  4 greater mummies (D)
  Boris (D)
  Margery (D)
  Saint Roka (D)
  Xtahua (D)
  4 golden dragons (D)
  Geryon (D)
  7 pandemonium lords (D)
  Jory (D)
  2 bone dragons (D)
  4 liches (D)
  2 Tzitzimimeh (D)
  5 Brimstone Fiends (D)
  An electric golem (D)
  47 Orb Guardians (D)
  2 Hell Sentinels (D)
  2 deep elf blademasters (D)
  3 tentacled monstrosities (D)
  4 Ice Fiends (D)
  6 acid blobs (D)
  12 sphinxes (D)
  A death cob (D)
  4 deep elf master archers (D)
  3 Executioners (D)
  6 storm dragons (D)
  A tentacled starspawn (D)
  9 shadow dragons (D)
  3 tengu reavers (D)
  4 nagarajas (D)
  Ilsuiw (D)
  2 fire giants (D)
  3 deep elf sorcerers (D)
  3 vault wardens (D)
  A draconian scorcher (D)
  5 azure jellies (D)
  2 draconian knights (D)
  3 ghost moths (D)
  3 frost giants (D)
  A balrug (D)
  2 warmongers (D)
  A cacodemon (D)
  Louise (D)
  3 draconian shifters (D)
  A very ugly thing (D)
  6 emperor scorpions (D)
  A war gargoyle (D)
  An angel (D)
  2 ironheart preservers (D)
  3 reapers (D)
  A draconian caller (D)
  2 draconian annihilators (D)
  10 vampire knights (D)
  3 stone giants (D)
  An entropy weaver (D)
  A deep elf demonologist (D)
  4 red draconians (D)
  9 large abominations (D)
  A deep elf annihilator (D)
  3 yellow draconians (D)
  2 white draconians (D)
  3 mottled draconians (D)
  3 black draconians (D)
  2 deep elf death magi (D)
  2 merfolk javelineers (D)
  9 death oozes (D)
  4 merfolk impalers (D)
  3 blizzard demons (D)
  Josephine (D)
  3 mummy priests (D)
  An ettin (D)
  A deep elf high priest (D)
  2 green deaths (D)
  5 great orbs of eyes (D)
  25 vault guards (D)
  2 ice dragons (D)
  5 yaktaur captains (D)
  11 hydras (D)
  2 monstrous demonspawn (D)
  4 spriggan air magi (D)
  An anaconda (D)
  3 merfolk aquamancers (D)
  3 naga warriors (D)
  2 merfolk avatars (D)
  An alligator (D)
  2 death knights (D)
  2 centaur warriors (D)
  2 ogre magi (D)
  6 death yaks (D)
  2 tengu warriors (D)
  3 hell hogs (D)
  2 soul eaters (D)
  A deep troll shaman (D)
  A sun demon (D)
  6 sixfirhies (D)
  4 hell knights (D)
  2 iron trolls (D)
  4 deep trolls (D)
  A swamp dragon (shapeshifter) (D)
  A shadow wraith (D)
  An unseen horror (D)
  2 cherubim (D)
  An infernal demonspawn (D)
  6 swamp dragons (D)
  2 sea snakes (D)
  3 gelid demonspawn (D)
  3 glowing orange brains (D)
  A naga ritualist (D)
  4 hill giants (D)
  3 orc knights (D)
  4 ironbrand convokers (D)
  2 orb spiders (D)
  2 wolf spiders (D)
  An orc sorcerer (D)
  A wizard (D)
  5 ugly things (D)
  4 necromancers (D)
  4 manticores (D)
  19 moths of wrath (D)
  A worldbinder (D)
  4 black mambas (D)
  A toenail golem (D)
  A guardian serpent (D)
  4 rust devils (D)
  3 naga magi (D)
  6 vault sentinels (D)
  Psyche (D)
  4 smoke demons (D)
  3 hellions (D)
  8 orange demons (D)
  A demonic crawler (D)
  7 hellwings (D)
  4 yaktaurs (D)
  4 spiny frogs (D)
  2 komodo dragons (D)
  3 ice devils (D)
  An efreet (D)
  3 tormentors (D)
  21 guardian mummies (D)
  8 red devils (D)
  A two-headed ogre (shapeshifter) (D)
  3 jumping spiders (D)
  A wandering mushroom (D)
  3 merfolk (D)
  2 blink frogs (D)
  2 slime creatures (D)
  3 trolls (D)
  A bog body (D)
  2 hippogriffs (D)
  A small abomination (D)
  A snapping turtle (D)
  A shadow (D)
  5 wraiths (D)
  3 ynoxinuls (D)
  3 yaks (D)
  2 redbacks (D)
  2 tarantellas (D)
  11 spriggans (D)
  Eustachio (D)
  A steam dragon (D)
  10 chaos spawn (D)
  3 neqoxecs (D)
  A warg (D)
  5 nagas (D)
  A soldier ant (D)
  2 water moccasins (D)
  A floating eye (D)
  A porcupine (D)
  A swamp drake (D)
  9 orc warriors (D)
  An ogre (D)
  A wolf (D)
  3 eyes of draining (D)
  2 centaurs (D)
  4 crocodiles (D)
  4 bullfrogs (D)
  2 crimson imps (D)
  A jelly (D)
  4 quasits (D)
  A hound (D)
  An orc priest (D)
  5 orc wizards (D)
  2 iron imps (D)
  7 shadow imps (D)
  A white imp (D)
  4 ufetubi (D)
  A worm (D)
  A ball lightning (D)
  A dart slug (D)
  9 orcs (D)
  A bat skeleton (D)
  A giant cockroach (D)
  A goblin (D)
  A hobgoblin (D)
  A quokka (D)
  A frilled lizard (D)
  A jackal zombie (D)
  A kobold (D)
  A leopard gecko skeleton (D)
  A rat (D)
683 creatures vanquished.

Vanquished Creatures (others)
  Nikola (D)
  A storm dragon (D)
  A vampire knight (D)
  A merfolk (D)
  A wight (D)
  An adder skeleton (D)
  21 ball lightnings (D)
  A fire vortex (D)
28 creatures vanquished.

Grand Total: 711 creatures vanquished

Notes
Turn   | Place    | Note
-------+----------+-------------------------------------------
     0 | D        | igo the Ghoul Fighter began the quest for the Orb.
     0 | D        | Reached XP level 1. HP: 19/19 MP: 0/0
    26 | D        | Reached XP level 2. HP: 27/27 MP: 1/1
    61 | D        | Found a roughly hewn altar of Beogh.
    61 | D        | Found a snail-covered altar of Cheibriados.
    61 | D        | Found a shadowy altar of Dithmenos.
    61 | D        | Found a white marble altar of Elyvilon.
    61 | D        | Found a blossoming altar of Fedhas.
    61 | D        | Found an opulent altar of Gozag.
    62 | D        | Found a hazy altar of Hepliaklqana.
    63 | D        | Found a viscous altar of Jiyva.
    64 | D        | Found an ancient bone altar of Kikubaaqudgha.
    65 | D        | Found a corrupted altar of Lugonu.
    66 | D        | Found a burning altar of Makhleb.
    67 | D        | Found a sparkling altar of Nemelex Xobeh.
    68 | D        | Found an iron altar of Okawaru.
    69 | D        | Found a stormy altar of Qazlal.
    70 | D        | Found a sacrificial altar of Ru.
    71 | D        | Found a deep blue altar of Sif Muna.
    72 | D        | Found a bloodstained altar of Trog.
    73 | D        | Found a hide-covered altar of Uskayaw.
    74 | D        | Became a worshipper of Makhleb the Destroyer
    75 | D        | Found a radiant altar of Vehumet.
    76 | D        | Found a shimmering altar of Xom.
    77 | D        | Found a basalt altar of Yredelemnul.
    78 | D        | Found a glowing silver altar of Zin.
    79 | D        | Found a glowing golden altar of the Shining One.
   131 | D        | Noticed a komodo dragon
   131 | D        | Noticed a wraith
   131 | D        | Noticed a centaur
   131 | D        | Noticed a crimson imp
   131 | D        | Noticed a hippogriff
   131 | D        | Noticed a soldier ant
   139 | D        | Killed a komodo dragon
   139 | D        | Reached skill level 5 in Armour
   139 | D        | Reached skill level 5 in Shields
   139 | D        | Reached XP level 3. HP: 18/37 MP: 2/2
   139 | D        | Reached XP level 4. HP: 22/44 MP: 3/3
   139 | D        | Reached XP level 5. HP: 25/50 MP: 4/4
   139 | D        | Killed a wraith
   139 | D        | Reached XP level 6. HP: 29/58 MP: 5/5
   141 | D        | Reached * piety under Makhleb
   147 | D        | Killed a hippogriff
   147 | D        | Reached skill level 10 in Unarmed Combat
   147 | D        | Reached XP level 7. HP: 28/68 MP: 6/6
   151 | D        | Killed a soldier ant
   151 | D        | Reached ** piety under Makhleb
   169 | D        | Noticed a komodo dragon
   181 | D        | Reached *** piety under Makhleb
   198 | D        | Killed a komodo dragon
   198 | D        | Reached XP level 8. HP: 53/78 MP: 7/7
   319 | D        | Noticed a four-headed hydra
   319 | D        | Noticed a hippogriff
   319 | D        | Noticed a yak
   323 | D        | Reached **** piety under Makhleb
   323 | D        | Killed a hippogriff
   325 | D        | Killed a yak
   325 | D        | Reached ***** piety under Makhleb
   325 | D        | Reached skill level 10 in Fighting
   328 | D        | Killed a four-headed hydra
   328 | D        | Reached XP level 9. HP: 54/86 MP: 8/8
   365 | D        | Noticed a spiny frog
   395 | D        | Killed a spiny frog
   395 | D        | Reached ****** piety under Makhleb
   395 | D        | Reached skill level 15 in Unarmed Combat
   415 | D        | Reached XP level 10. HP: 71/96 MP: 9/9
   423 | D        | Reached skill level 10 in Armour
   423 | D        | Reached skill level 10 in Shields
   447 | D        | Noticed a death yak
   447 | D        | Noticed a death yak
   447 | D        | Noticed a death yak
   447 | D        | Noticed a death yak
   448 | D        | Noticed a death yak
   454 | D        | Killed a death yak
   459 | D        | Noticed a death yak
   465 | D        | Killed a death yak
   492 | D        | Killed a death yak
   504 | D        | Killed a death yak
   512 | D        | Killed a death yak
   512 | D        | Reached XP level 11. HP: 61/106 MP: 10/10
   515 | D        | Killed a death yak
   611 | D        | Noticed Josephine
   632 | D        | Killed Josephine
   671 | D        | Noticed Eustachio
   676 | D        | Killed Eustachio
   775 | D        | Noticed an orc knight
   775 | D        | Noticed an orc knight
   789 | D        | Killed an orc knight
   797 | D        | Noticed an orc knight
   800 | D        | Killed an orc knight
   830 | D        | Killed an orc knight
   906 | D        | Found Vaeca's Weapon Emporium.
   906 | D        | Noticed a deep troll
   906 | D        | Noticed a stone giant
   906 | D        | Noticed a hill giant
   906 | D        | Noticed a deep troll
   907 | D        | Noticed a deep troll
   908 | D        | Noticed a hill giant
   910 | D        | Killed a deep troll
   911 | D        | Found Rumn's Distillery.
   914 | D        | Noticed an iron troll
   919 | D        | Killed a stone giant
   925 | D        | Reached XP level 12. HP: 91/118 MP: 11/11
   943 | D        | Found Zil Raa's Magic Scroll Emporium.
   947 | D        | Killed an iron troll
   947 | D        | Reached skill level 15 in Fighting
   967 | D        | Found Lasick's Jewellery Shoppe.
   970 | D        | Noticed an iron troll
   971 | D        | Noticed an ogre mage
   972 | D        | Noticed an ogre mage
   982 | D        | Killed an iron troll
   987 | D        | Killed an ogre mage
   991 | D        | Killed an ogre mage
  1028 | D        | Bought the cursed necklace of Bloodlust {*Rage +Rage MR+ Int-3 Slay+3 *Curse} for 699 gold pieces
  1032 | D        | Bought a potion of haste for 130 gold pieces
  1032 | D        | Bought a potion of curing for 39 gold pieces
  1032 | D        | Bought a potion of might for 52 gold pieces
  1032 | D        | Bought a potion of haste for 130 gold pieces
  1032 | D        | Bought a potion of curing for 39 gold pieces
  1032 | D        | Bought a potion of invisibility for 104 gold pieces
  1032 | D        | Bought a potion of might for 52 gold pieces
  1032 | D        | Bought a potion of curing for 39 gold pieces
  1032 | D        | Bought a potion of ambrosia for 104 gold pieces
  1032 | D        | Bought a potion of curing for 39 gold pieces
  1032 | D        | Bought a potion of resistance for 130 gold pieces
  1079 | D        | Noticed Psyche
  1084 | D        | Killed Psyche
  1215 | D        | Noticed a centaur warrior
  1229 | D        | Noticed a lich
  1231 | D        | Noticed a frost giant
  1238 | D        | Killed a centaur warrior
  1246 | D        | Killed a lich
  1246 | D        | Reached XP level 13. HP: 106/128 MP: 12/12
  1256 | D        | Killed a frost giant
  1275 | D        | Noticed a stone giant
  1297 | D        | Killed a stone giant
  1402 | D        | Noticed Saint Roka
  1436 | D        | Killed Saint Roka
  1550 | D        | Reached skill level 15 in Armour
  1558 | D        | Reached skill level 15 in Shields
  1600 | D        | Noticed a merfolk javelineer
  1629 | D        | Killed a merfolk javelineer
  1629 | D        | Reached XP level 14. HP: 114/141 MP: 13/13
  1722 | D        | Noticed an emperor scorpion
  1752 | D        | Killed an emperor scorpion
  1915 | D        | Noticed a stone giant
  1915 | D        | Noticed a fire giant
  1922 | D        | Noticed a purple very ugly thing
  1931 | D        | Killed a stone giant
  1943 | D        | Killed a fire giant
  1944 | D        | Noticed a vampire knight
  1951 | D        | Killed a purple very ugly thing
  1971 | D        | Noticed a frost giant
  1981 | D        | Paralysed by something for 4 turns
  1990 | D        | Killed a vampire knight
  2022 | D        | Killed a frost giant
  2062 | D        | Noticed a fire giant
  2072 | D        | Killed a fire giant
  2079 | D        | Lost intelligence.
  2105 | D        | Reached XP level 15. HP: 155/155 MP: 14/14
  2263 | D        | Noticed Xtahua
  2265 | D        | Noticed Jory
  2277 | D        | Killed Xtahua
  2295 | D        | Killed Jory
  2572 | D        | Noticed a nagaraja
  2572 | D        | Noticed a nagaraja
  2573 | D        | Noticed a nagaraja
  2579 | D        | Killed a nagaraja
  2579 | D        | Reached skill level 27 in Unarmed Combat
  2616 | D        | Noticed a nagaraja
  2617 | D        | Killed a nagaraja
  2626 | D        | Killed a nagaraja
  2634 | D        | Killed a nagaraja
  2644 | D        | Reached skill level 5 in Dodging
  2670 | D        | Got a serpentine rune of Zot
  2681 | D        | Noticed an emperor scorpion
  2681 | D        | Noticed an emperor scorpion
  2690 | D        | Killed an emperor scorpion
  2706 | D        | Killed a ghost moth
  2722 | D        | Killed an emperor scorpion
  2739 | D        | Noticed an emperor scorpion
  2754 | D        | Killed an emperor scorpion
  2756 | D        | Noticed an emperor scorpion
  2757 | D        | Noticed an emperor scorpion
  2769 | D        | Killed an emperor scorpion
  2778 | D        | Killed an emperor scorpion
  2778 | D        | Reached XP level 16. HP: 168/168 MP: 7/15
  2786 | D        | Got a gossamer rune of Zot
  2816 | D        | Noticed Ilsuiw
  2876 | D        | Killed Ilsuiw
  2934 | D        | Got a barnacled rune of Zot
  2993 | D        | Reached skill level 10 in Dodging
  3044 | D        | Got a decaying rune of Zot
  3093 | D        | Noticed a tengu reaver
  3094 | D        | Noticed a tengu reaver
  3095 | D        | Noticed Sojobo
  3101 | D        | Killed a tengu reaver
  3106 | D        | Killed a tengu reaver
  3130 | D        | Killed Sojobo
  3334 | D        | Reached XP level 17. HP: 182/182 MP: 16/16
  3472 | D        | Reached skill level 15 in Dodging
  3579 | D        | Noticed a tentacled monstrosity
  3579 | D        | Noticed a golden dragon
  3580 | D        | Noticed a golden dragon
  3586 | D        | Killed a tentacled monstrosity
  3609 | D        | Killed a golden dragon
  3614 | D        | Killed a golden dragon
  3623 | D        | Noticed an Orb Guardian
  3659 | D        | Killed an Orb Guardian
  3689 | D        | Got a silver rune of Zot
  3726 | D        | Noticed Nikola
  3742 | D        | Killed Nikola
  3769 | D        | Noticed Margery
  3792 | D        | Killed Margery
  3792 | D        | Reached XP level 18. HP: 183/198 MP: 18/20
  3833 | D        | Got the ring of the Establishment {rN+ Str+4 Int+4 Dex+4}
  3846 | D        | Got the amulet of Sycw {rElec rN+ Regen+ MP+9 Str-5}
  3850 | D        | Got the amulet "Elir" {+Rage rN+ Dex+6}
  3852 | D        | Got the ring of Syofutse {rC+ Int+2 Dex+4 Stlth-}
  3865 | D        | Got the +5 demon trident of Guew {freeze, +Blink +Rage Str-4 SInv}
  3872 | D        | Got the +3 large shield of Azuinoi {rC+ Int+4 Dex-4}
  3997 | D        | Noticed Louise
  3998 | D        | Noticed Boris
  4013 | D        | Killed Louise
  4024 | D        | Killed Boris
  4047 | D        | Noticed Mennas
  4073 | D        | Killed Mennas
  4073 | D        | Reached skill level 27 in Fighting
  4243 | D        | Noticed a bone dragon
  4263 | D        | Killed a bone dragon
  4270 | D        | Noticed a bone dragon
  4293 | D        | Killed a bone dragon
  4395 | D        | Reached skill level 27 in Shields
  4472 | D        | Noticed a tentacled monstrosity
  4476 | D        | Noticed a tentacled monstrosity
  4501 | D        | Killed a tentacled monstrosity
  4501 | D        | Reached skill level 27 in Armour
  4513 | D        | Reached skill level 5 in Invocations
  4513 | D        | Reached XP level 19. HP: 190/207 MP: 20/22
  4520 | D        | Killed a tentacled monstrosity
  4520 | D        | Reached skill level 5 in Evocations
  4571 | D        | Noticed a golden dragon
  4577 | D        | Killed a golden dragon
  4594 | D        | Reached skill level 10 in Invocations
  4753 | D        | Reached skill level 10 in Evocations
  4825 | D        | Reached skill level 15 in Invocations
  4851 | D        | Noticed an ancient lich
  4855 | D        | Killed an ancient lich
  4858 | D        | Noticed an orb of fire
  4861 | D        | Killed an orb of fire
  4864 | D        | Noticed an electric golem
  4876 | D        | Killed an electric golem
  4876 | D        | Reached XP level 20. HP: 216/216 MP: 13/31
  4903 | D        | Noticed a golden dragon
  4903 | D        | Noticed an ancient lich
  4903 | D        | Noticed an ancient lich
  4908 | D        | Noticed an orb of fire
  4911 | D        | Killed a golden dragon
  4911 | D        | Reached skill level 15 in Evocations
  4928 | D        | Killed an ancient lich
  4935 | D        | Paralysed by an ancient lich for 5 turns
  4941 | D        | Killed an ancient lich
  4948 | D        | Killed an orb of fire
  5038 | D        | Reached skill level 27 in Dodging
  5244 | D        | Reached XP level 21. HP: 224/224 MP: 36/36
  5440 | D        | Got an elven rune of Zot
  5470 | D        | Reached skill level 27 in Invocations
  5484 | D        | Paralysed by a floating eye for 4 turns
  5498 | D        | Paralysed by a floating eye for 4 turns
  5503 | D        | Noticed the Royal Jelly
  5507 | D        | Paralysed by a floating eye for 2 turns
  5529 | D        | Killed the Royal Jelly
  5580 | D        | Reached skill level 27 in Evocations
  5590 | D        | Reached skill level 5 in Spellcasting
  5605 | D        | Got a slimy rune of Zot
  5739 | D        | Reached skill level 10 in Stealth
  5766 | D        | Reached skill level 10 in Spellcasting
  5781 | D        | Reached skill level 15 in Stealth
  5793 | D        | Reached XP level 22. HP: 233/233 MP: 38/38
  5866 | D        | Noticed a greater mummy
  5884 | D        | Killed a greater mummy
  5909 | D        | Noticed a greater mummy
  5909 | D        | Noticed a greater mummy
  5909 | D        | Noticed a greater mummy
  5918 | D        | Killed a greater mummy
  5934 | D        | Killed a greater mummy
  5934 | D        | Reached skill level 15 in Spellcasting
  5957 | D        | Killed a greater mummy
  5979 | D        | Got a golden rune of Zot
  6015 | D        | Got an abyssal rune of Zot
  6145 | D        | Noticed Geryon
  6168 | D        | Killed Geryon
  6171 | D        | Noticed Asmodeus
  6171 | D        | Noticed Gloorx Vloq
  6309 | D        | Killed Asmodeus
  6495 | D        | Killed Gloorx Vloq
  6574 | D        | Noticed Lom Lobon
  6951 | D        | Noticed Cerebov
  7094 | D        | Killed Lom Lobon
  7287 | D        | Killed Cerebov
  7287 | D        | Reached skill level 27 in Stealth
  7441 | D        | Noticed Dispater
  7489 | D        | Killed Dispater
  7593 | D        | Learned a level 9 spell: Shatter
  7607 | D        | Noticed Ereshkigal
  7708 | D        | Killed Ereshkigal
  7708 | D        | Reached XP level 23. HP: 212/236 MP: 49/49
  7721 | D        | Noticed Mnoleg
  7760 | D        | Killed Mnoleg
  7780 | D        | Got an obsidian rune of Zot
  7784 | D        | Got a dark rune of Zot
  7788 | D        | Got a magical rune of Zot
  7792 | D        | Got a fiery rune of Zot
  7796 | D        | Got an iron rune of Zot
  7798 | D        | Noticed Antaeus
  7856 | D        | Killed Antaeus
  7858 | D        | Got a glowing rune of Zot
  7862 | D        | Got an icy rune of Zot
  7876 | D        | Got a bone rune of Zot
  8283 | D        | Got the Orb of Zot
  8593 | D        | Noticed Meofory the pandemonium lord
  8617 | D        | Killed Meofory the pandemonium lord
  8921 | D        | Noticed Lissoeng the pandemonium lord
  8969 | D        | Killed Lissoeng the pandemonium lord
  9389 | D        | Noticed Possur the pandemonium lord
  9404 | D        | Killed Possur the pandemonium lord
  9404 | D        | Reached skill level 27 in Earth Magic
  9436 | D        | Reached skill level 27 in Spellcasting
  9456 | D        | Learned a level 6 spell: Iron Shot
  9515 | D        | Reached skill level 5 in Conjurations
  9596 | D        | Reached XP level 24. HP: 242/242 MP: 53/53
  9618 | D        | Noticed Izaschesh the pandemonium lord
  9647 | D        | Killed Izaschesh the pandemonium lord
  9654 | D        | Noticed Gabuq the pandemonium lord
  9672 | D        | Killed Gabuq the pandemonium lord
  9690 | D        | Reached skill level 15 in Conjurations
  9737 | D        | Noticed Ezyoch the pandemonium lord
  9842 | D        | Killed Ezyoch the pandemonium lord
 10632 | D        | Noticed Meastraec the pandemonium lord
 10648 | D        | Killed Meastraec the pandemonium lord
 10754 | D        | Reached skill level 27 in Conjurations
 10785 | D        | Reached skill level 5 in Staves
 10785 | D        | Reached skill level 5 in Throwing
 10799 | D        | Reached skill level 5 in Polearms
 10940 | D        | Escaped with the Orb!

Skill      XL: |  1  2  3  4  5  6  7  8  9 10 11 12 13 14 15 16 17 18 19 20 21 22 23 24 |
---------------+-------------------------------------------------------------------------+-----
Armour         | 3 5 6 7 9 11 12 13 15 17 19 21 23 27 | 27.0
Unarmed Combat | 3 7 8 10 12 14 15 17 19 21 23 25 27 | 27.0
Shields        | 3 5 6 7 9 11 12 13 15 16 18 21 23 27 | 27.0
Fighting       | 6 8 9 10 11 12 14 16 17 19 21 24 26 27 | 27.0
Dodging        | 7 13 17 23 27 | 27.0
Invocations    | 4 5 17 24 27 | 27.0
Evocations     | 3 4 14 21 27 | 27.0
Stealth        | 16 27 | 27.0
Spellcasting   | 12 23 27 | 27.0
Earth Magic    | 11 27 | 27.0
Polearms       | 4 7 |  7.6
Staves         | 4 7 |  7.6
Throwing       | 4 7 |  7.6
Conjurations   | 7 27 | 27.0

Action                   |  1- 3 |  4- 6 |  7- 9 | 10-12 | 13-15 | 16-18 | 19-21 | 22-24 || total
-------------------------+-------+-------+-------+-------+-------+-------+-------+-------++-------
Melee: Unarmed           |    34 |     7 |    96 |   307 |   660 |   811 |   723 |  1462 ||  4100
Evoke: Wand              |     4 |     1 |     5 |       |       |       |       |       ||    10
  Use: Potion            |     1 |       |       |     6 |       |     4 |     2 |    11 ||    24
       Scroll            |       |       |     2 |     1 |     3 |     2 |       |     1 ||     9
 Stab: Invisible         |       |     2 |     3 |       |       |     4 |       |       ||     9
       Petrifying        |       |       |       |       |       |       |       |     2 ||     2
       Paralysed         |       |       |       |       |       |       |       |     2 ||     2
  Eat: Chunk             |     3 |       |    16 |    29 |    35 |    42 |    14 |     6 ||   145
       Meat ration       |       |       |       |       |       |       |       |     2 ||     2
Armor: Scale mail        |     9 |     4 |    15 |    41 |       |       |       |       ||    69
       Chain mail        |       |       |       |    12 |   200 |   103 |       |       ||   315
       Gold dragon scale |       |       |       |       |       |    59 |   111 |   225 ||   395
       Troll leather arm |       |       |       |       |       |       |       |     2 ||     2
Dodge: Dodged            |     7 |     3 |    28 |    49 |   107 |   163 |   159 |   265 ||   781
Block: Shield            |     9 |     1 |    40 |    92 |   242 |   199 |       |       ||   583
       Large shield      |       |       |       |       |       |   188 |   415 |  1007 ||  1610
